 Dungeon Crawl Stone Soup version 0.17-a0-1324-ga541562 (webtiles) character file.

16 Alarkh the Grasshopper (level 2, -1/22 HPs)
             Began as a Mummy Warper on June 9, 2015.
             Slain by a hobgoblin (3 damage)
             ... on level 1 of the Dungeon.
             The game lasted 00:01:20 (711 turns).

Alarkh the Grasshopper (Mummy Warper)                Turns: 711, Time: 00:01:21

Health: -1/22      AC:  3    Str: 14    XL:     2   Next: 41%
Magic:  5/5        EV: 11    Int: 12    God:
Gold:   33         SH:  0    Dex: 11    Spells: 1 memorised, 4 levels left

rFire  x . .     SeeInvis .     a - +0 spear
rCold  + . .     Clarity  .     b - +0 leather armour
rNeg   + + +     SustAt   .     (no shield)
rPois  ∞         Gourm    .     (no helmet)
rElec  .         Spirit   .     (no cloak)
rCorr  .         Warding  .     (no gloves)
rMut   .         Stasis   .     (no boots)
MR     .....                    (no amulet)
Stlth  +.........               (no ring)
                                (no ring)

@: very slightly contaminated, not resistant to hostile enchantments, very
unstealthy
A: no food or potions, fire vulnerability, cold resistance 1, negative energy
resistance 3, torment resistance, unbreathing
a: no special abilities


You were on level 1 of the Dungeon.
You were not hungry.

You visited 1 branch of the dungeon, and saw 1 of its levels.

You collected 33 gold pieces.

Inventory:

Hand weapons
 a - a +0 spear (weapon)
Missiles
 e - 5 tomahawks of dispersal (quivered)
Armour
 b - a +0 leather armour (worn)
 h - a +0 pair of gloves
Scrolls
 g - a scroll of enchant weapon {unknown}
Books
 c - a book of Spatial Translocations

   Spells                             Type                      Level
   a - Apportation                    Translocation                1
   b - Blink                          Translocation                2
   c - Shroud of Golubria             Charms/Translocation         2
   d - Portal Projectile              Translocation                3
   e - Teleport Other                 Translocation                3
   f - Passage of Golubria            Translocation                4


   Skills:
 + Level 2.0 Fighting
 + Level 1.5 Polearms
 + Level 0.7 Throwing
 + Level 0.7 Armour
 + Level 1.7 Dodging
 + Level 2.1 Spellcasting
 + Level 2.8 Translocations


You had 4 spell levels left.
You knew the following spells:

 Your Spells              Type           Power        Failure   Level  Hunger
a - Apportation           Tloc           #.........   14%         1    N/A

Dungeon Overview and Level Annotations

Branches:
Dungeon (1/15)

Altars:


Innate Abilities, Weirdness & Mutations

You do not eat or drink.
Your flesh is vulnerable to fire.
You are immune to poison.
Your flesh is cold resistant.
You are immune to negative energy.
You are immune to unholy pain and torment.
You can survive without breathing.


Message History

The jackal barely misses you. The jackal bites you.
* * * LOW HITPOINT WARNING * * *
The jackal bites you.
* * * LOW HITPOINT WARNING * * *
The jackal bites you but does no damage.
The jackal barely misses you.
You see here a yellow potion.
Read which item? (? for menu, Esc to quit)
As you read the scroll labeled FUOTUJ FEOJESY, it crumbles to dust.
The scroll dissolves into smoke.
It was a scroll of fog.
The jackal barely misses you. The jackal bites you.
* * * LOW HITPOINT WARNING * * *
Read which item? (? for menu, Esc to quit)
Blink to where?
Press: ? - help, Dir - move target cursor, p - hobgoblin You are very lightly contaminated with residual magic.
As you read the scroll of blinking, it crumbles to dust.
The hobgoblin hits you.
You die...

.............##...#...
#............... ..
#####+##.............# ..#
#................)...##..#
#.........##.............#
#.........##.............#
#.....)...##....g.........
#####§##########.........#
#.hh§g@§...............
##§###########.......##
#§.hK...............#.
#..h..................
#.###########.......#. #.#
#......... #######.##
#....###.. #........#
#......... #........#
#.........


You could see a hobgoblin.

Vanquished Creatures
  A giant gecko (D:1)
  A goblin (D:1)
  4 hobgoblins (D:1)
  A jackal (D:1)
  A kobold (D:1)
  A giant cockroach (D:1)
  2 giant newts (D:1)
  4 rats (D:1)
15 creatures vanquished.

Notes
Turn   | Place    | Note
--------------------------------------------------------------
     0 | D:1      | Alarkh the Mummy Warper began the quest for the Orb.
     0 | D:1      | Reached XP level 1. HP: 16/16 MP: 3/3
   271 | D:1      | Reached XP level 2. HP: 19/22 MP: 5/5
   710 | D:1      | HP: 1/22 [jackal (1)]
   711 | D:1      | Slain by a hobgoblin

Vault maps used:
D:1:      lightli_arrival_isolated_outpost

Action                   || total
-------------------------++-------
Melee: Spear             ||    59
  Use: Scroll            ||     2
